Unix NetHack Version 5.0.0-0 post-release - last build May 17 2026 04:57:42 (dc50c8380fa5e20985bfe3072449f57b8d9895ef,branch:main).

Game began 2026-05-21 04:21:54, ended 2026-05-21 04:38:51.

CyberFan, lawful male dwarven Archeologist

          -------
          |.....|0                                     )
          |<....|       ------------------------------ -
          --.--+-   0   -....................?.........|
            #           |.------  ----------.....----- |
            #           |.|....|  |...|.   |...(.-...|
           ##           |.|....|  |...|.   |.....|...|      (     0
          ##            |.-|------|...||-------..|...|
         ##             |......|..|...|.|..|.(|.-----|
       ###             #|.----.|..--|--.|..|%%|.-...(|             )
     --|---------      #|.|. |.-|--..{..--||.$|.|..$.|
     |..........|      )|.|..-..@..B@..f...-|--.|....|
     |..>........#######..|--|--|-.----|--......|....|
     |..........|   #   |.|((|..$|.|! |..|-|----------
     |......^....####   |.|( |((/|.+  |($|....|   ?
     |..........|       |.|$ |/.(|.-  |%[|....|     (
     |..........+  0     .-  -----.   ---------
     ------------       |.        [.                  $
                        ---      ----

CyberFan the Field Worker  St:11 Dx:10 Co:13 In:16 Wi:12 Ch:8  Lawful
Dlvl:6  $:270 HP:0(33) Pw:11(11) AC:3  Xp:4/87 T:1903  Conf

Latest messages:
 The housecat bites the gnomish wizard.
 The gnomish wizard is killed!
 The housecat bites the watchman.
 The watchman wields a dagger!
 What do you want to drop? [$a-dgnorswzBDEHIK or ?*]
 An iguana corpse lands on the altar.
 The housecat misses the watchman.
 #
 There is an uncursed iguana corpse here; sacrifice it? [ynq] (n)
 Your sacrifice is consumed in a flash of light!
 You stop.  The watchman is in the way!
 The housecat bites the gnomish wizard.
 The gnomish wizard casts a spell!
 The gnomish wizard looks better.
 You swap places with the peaceful watchman.
 The housecat bites the watchman.
 The housecat bites the gnomish wizard.
 The housecat bites the watchman.
 The housecat bites the watchman.
 The watchman thrusts her dagger at the housecat.
 The watchman misses the housecat.
 You hear some noises in the distance.
 You hear someone praising Quetzalcoatl.
 You hear someone cursing shoplifters.
 You lash the giant bat.
 The giant bat misses!
 The giant bat bites!
 You lash the giant bat.
 The giant bat bites!
 The giant bat bites!
 The giant bat bites!
 The giant bat bites!
 The giant bat bites!
 What do you want to ready? [$ or ?*]
 Never mind.
 What do you want to drink? [wBI or ?*]
 Huh, What?  Where am I?
 The giant bat bites!
 The giant bat misses!
 What do you want to drink? [BI or ?*]
 You detect the presence of objects.
 (For instructions type a '?')
 The giant bat bites!
 The giant bat bites!
 What do you want to ready? [$ or ?*]
 B - a yellow potion (at the ready).
 What do you want to drink? [B or ?*]
 Yecch!  This stuff tastes like poison.
 You feel very sick.
 You die...

Inventory:
 Coins    ('$')
  $ - 270 gold pieces
 Weapons  (')')
  a - an uncursed +2 bullwhip (weapon in right hand)
 Armor    ('[')
  c - an uncursed +0 fedora (being worn)
  b - an uncursed +0 leather jacket
  s - an uncursed +0 plate mail (being worn)
 Comestibles  ('%')
  d - 2 uncursed food rations
  H - an uncursed fortune cookie
 Scrolls  ('?')
  E - an uncursed scroll of enchant armor
 Rings    ('=')
  z - an uncursed ring of regeneration
 Wands    ('/')
  o - an uncursed wand of striking (0:8)
 Tools    ('(')
  D - an uncursed brass lantern (lit)
  n - an uncursed magic whistle
  r - an uncursed skeleton key
 Gems/Stones  ('*')
  g - an uncursed touchstone

CyberFan the Archeologist's attributes:

Background:
 You were a Field Worker, a level 4 male dwarven Archeologist.
 You were lawful, on a mission for Quetzalcoatl
 who was opposed by Camaxtli (neutral) and Huhetotl (chaotic).
 You were right-handed.
 You were in the Gnomish Mines, on level 6.
 You entered the dungeon 1903 turns ago.
 It was nighttime.
 You had 87 experience points, 73 more were needed to attain level 5.

Basics:
 You had 0 out of 33 hit points.
 You had all 11 energy points (spell power).
 Your armor class was 3.
 Your wallet contained 270 zorkmids.
 Autopickup was on for '$%?!"=/*', with exceptions.

Final Characteristics:
 Your strength was 11 (limit:18/100).
 Your dexterity was 10 (limit:20).
 Your constitution was 13 (peak:18, limit:20).
 Your intelligence was 16 (limit:16).
 Your wisdom was 12 (limit:16).
 Your charisma was 8 (limit:16).

Final Status:
 You were confused.
 You weren't hungry.
 You were unencumbered.
 You were wielding a whip.
 You had basic skill with whip.

Final Attributes:
 You were devoutly aligned.
 You had automatic searching.
 You had infravision.
 You were guarded.
 You were lucky.
 You are dead.

Miscellaneous:
 You disabled loading and storing of bones levels.
 Total elapsed playing time was 16 minutes and 55 seconds.

Major events:
 Turn
    1: CyberFan the lawful male dwarven Archeologist entered the dungeon
  629: attained the rank of Field Worker (level 3)
  680: entered the Gnomish Mines
 1665: reached Mine Town
 1903: killed by a contaminated potion

You didn't know any spells.

Skills:
 Fighting Skills
   bare handed combat [Unskilled]
   two weapon combat  [Unskilled]
   riding             [Unskilled]
 Weapon Skills
   dagger             [Unskilled]
   knife              [Unskilled]
   pick-axe           [Basic]
   short sword        [Unskilled]
   saber              [Unskilled]
   club               [Unskilled]
   quarterstaff       [Unskilled]
   sling              [Unskilled]
   dart               [Unskilled]
   boomerang          [Unskilled]
   whip               [Basic]
   unicorn horn       [Unskilled]
 Spellcasting Skills
   attack spells      [Unskilled]
   healing spells     [Unskilled]
   divination spells  [Unskilled]
   matter spells      [Unskilled]

Voluntary challenges:
 Character rerolling was not enabled.
 You never genocided any monsters.
 You never polymorphed an object.
 You never changed form.
 You used no wishes.
Achievements:
 You entered a shop.
 You attained the rank of Field Worker.
 You entered the Gnomish Mines.
 You entered Minetown.
 You entered a temple.

 The Dungeons of Doom: levels 1 to 3
    Level 1:
       A grave.
    Level 2:
       A tool shop.
       Stairs down to The Gnomish Mines.
    Level 3:
 The Gnomish Mines: levels 3 to 6
    Level 3:
    Level 4:
    Level 5:
    Level 6: <- You were here.
       Many shops, a temple and an altar to Quetzalcoatl, a fountain.
       Final resting place for
          you, killed by a contaminated potion.


Vanquished creatures:
  2 gnome leaders
  2 gnomish wizards
  4 monkeys
  3 iguanas
  2 hobbits
  2 cave spiders
  a green mold
 15 gnomes
  a gnome zombie
  2 geckos
  3 jackals
  a fox
  2 kobolds
  3 goblins
  a sewer rat
  2 lichens
  a kobold zombie
  3 newts
50 creatures vanquished.

No species were genocided or became extinct.

Game over:
                       ----------
                      /          \
                     /    REST    \
                    /      IN      \
                   /     PEACE      \
                  /                  \
                  |     CyberFan     |
                  |      270 Au      |
                  |   killed by a    |
                  |   contaminated   |
                  |      potion      |
                  |                  |
                  |       2026       |
                 *|     *  *  *      | *
        _________)/\\_//(\/(/\)/\//\/|_)_______

Goodbye CyberFan the Archeologist...

You died in The Gnomish Mines on dungeon level 6 with 861 points,
and 270 pieces of gold, after 1903 moves.
You were level 4 with a maximum of 33 hit points when you died.

